 Dungeon Crawl Stone Soup version 0.24.1-8-ga250c9d538 (webtiles) character file.

Game seed: 17191555507803656308, levelgen mode: deterministic

3112 HoaS the Grappler (level 9, -3/60 HPs)
             Began as a Gargoyle Berserker on May 3, 2020.
             Was a High Priest of Trog.
             Slain by a two-headed ogre
             ... wielding a +0 giant club
              (16 damage)
             ... on level 8 of the Dungeon.
             The game lasted 00:17:19 (6377 turns).

HoaS the Grappler (Gargoyle Berserker)              Turns: 6377, Time: 00:17:19

Health: -3/60      AC: 20    Str: 25    XL:     9   Next: 91%
Magic:  9/9        EV:  7    Int:  7    God:    Trog [*****.]
Gold:   436        SH:  2    Dex:  9    Spells: 8/8 levels left

rFire    . . .     SeeInvis .     - Unarmed
rCold    . . .     Gourm    .   (no shield)
rNeg     + . .     Faith    .   l - +0 plate armour
rPois    ∞         Spirit   .   p - +0 helmet
rElec    +         Reflect  +   q - +0 cloak
rCorr    .         Harm     .   g - +0 pair of gloves
MR       .....                  (no boots)
Stlth    ..........             k - +2 amulet of reflection
HPRegen  0.20/turn              (no ring)
MPRegen  0.11/turn              (no ring)

@: no status effects
A: negative energy resistance 1, electricity resistance, unbreathing,
petrification resistance, rot immunity, AC +6
a: Berserk, Trog's Hand, Brothers in Arms, Renounce Religion


You were on level 8 of the Dungeon.
You worshipped Trog.
Trog was extremely pleased with you.
You were near starving.

You visited 1 branch of the dungeon, and saw 8 of its levels.
You also visited: Sewer and Ossuary.

You collected 436 gold pieces.

Inventory:

Armour
 g - a +0 pair of gloves (worn)
 l - a +0 plate armour (worn)
 p - a +0 helmet (worn)
 q - a +0 cloak (worn)
Jewellery
 k - a +2 amulet of reflection (around neck)
Wands
 t - a wand of enslavement (7)
Scrolls
 a - a scroll of identify
 c - 5 scrolls of teleportation
 j - 6 scrolls of remove curse
 n - a scroll of fog
 s - a scroll of fear
Potions
 d - 2 potions of agility
 e - a potion of mutation {unknown}
 f - a potion of might {unknown}
 h - a potion of cancellation {unknown}
 i - a potion of resistance {unknown}
 m - 6 potions of curing
 o - a potion of lignification
 r - 4 potions of flight
 u - 2 potions of heal wounds {unknown}
 v - a potion of brilliance {unknown}
Comestibles
 b - 14 rations


   Skills:
 + Level 9.1 Fighting
 - Level 2.1 Armour
 - Level 1.5 Dodging
 * Level 11.3 Unarmed Combat


You had 8 spell levels left.
You didn't know any spells.
Your spell library was empty.

Dungeon Overview and Level Annotations

Branches:
Dungeon (8/15)             Temple (0/1) D:6           Sewer (visited)
Ossuary (visited)
   Lair: D:8-11

Altars:
Kikubaaqudgha
Okawaru
Vehumet

Shops:
D:7 %   D:8 ::


Innate Abilities, Weirdness & Mutations

You are resistant to torment.
Your stone body is resilient. (AC +6)
You are immune to poison.
You resist negative energy. (rN+)
You are resistant to electric shocks. (rElec)
You can survive without breathing.
You are immune to petrification.
You are immune to rotting.


Message History

You hit the two-headed ogre but do no damage.
The two-headed ogre is heavily wounded.
The two-headed ogre hits you with a +0 giant club!!
The two-headed ogre hits you with a +0 giant club.
You are too injured to fight recklessly!
You are too injured to fight recklessly!
You punch the two-headed ogre!
The two-headed ogre is severely wounded.
The sky beast flickers out of sight!
Deactivating autopickup; reactivate with Ctrl-A.
The two-headed ogre hits you but does no damage.
The two-headed ogre hits you with a +0 giant club.
You hit the two-headed ogre.
The two-headed ogre is severely wounded.
You hit the two-headed ogre.
The two-headed ogre is almost dead.
The two-headed ogre hits you with a +0 giant club!
* * * LOW HITPOINT WARNING * * *
The two-headed ogre hits you with a +0 giant club!
You die...

*** ##### **,*#*********
#...#######....,∩,,,,,,,
#.#(...@O{...#**,,,,,,,,
#...########## **,,**,*,
##.## *,,*,*** #.#
*,,,** * #.# ****,,*,***
#.# *..,,,**,*, #.#
#.#**,***,* #.# #.#**<*
*,, #.# #.#*,,* **,


You could see a two-headed ogre.

Vanquished Creatures
  Prince Ribbit (D:7)
  A hippogriff (D:7)
  Edmund (D:6)
  Menkaure (D:4)
  2 orc warriors (D:6)
  A sky beast (D:5)
  An ice beast (D:7)
  2 necrophages (D:5)
  3 ogres
  A centaur (D:5)
  A big kobold (Sewer)
  A bullfrog (D:6)
  A gnoll sergeant (D:7)
  A scorpion (D:7)
  3 centaur zombies (Ossuary)
  6 orc priests
  2 hounds (D:5)
  2 bullfrog skeletons
  A gnoll shaman (D:6)
  8 orc wizards
  A centaur skeleton (D:6)
  2 iguanas (D:5)
  5 worker ants
  A killer bee zombie (D:7)
  2 ogre zombies (Ossuary)
  7 mummies (Ossuary)
  8 gnolls
  A howler monkey skeleton (D:4)
  8 adders
  A river rat (Sewer)
  3 shadow imps (D:5)
  An ooze (D:3)
  3 adder zombies
  3 adder skeletons
  4 worms
  5 dart slugs
  2 leopard geckos
  23 orcs
  3 ball pythons
  3 bat zombies (D:6)
  7 giant cockroaches
  2 gnoll zombies (Ossuary)
  4 goblins
  6 hobgoblins
  11 jackals
  3 quokkas
  7 bats
  4 frilled lizards
  3 goblin zombies (Ossuary)
  4 hobgoblin zombies (Ossuary)
  13 kobolds
  4 kobold zombies (Ossuary)
  A leopard gecko zombie (D:5)
  An orc zombie (Ossuary)
  A quokka skeleton (D:5)
  5 quokka zombies (Ossuary)
  21 rats
  7 rat zombies
230 creatures vanquished.

Notes
Turn   | Place    | Note
-------+----------+-------------------------------------------
     0 | D:1      | HoaS the Gargoyle Berserker began the quest for the Orb.
     0 | D:1      | Reached XP level 1. HP: 14/14 MP: 1/1
   210 | D:1      | Reached XP level 2. HP: 18/19 MP: 2/2
   526 | D:1      | Reached ** piety under Trog
   530 | D:1      | Reached XP level 3. HP: 20/24 MP: 3/3
   945 | D:2      | Reached skill level 4 in Unarmed Combat
  1262 | D:2      | Reached XP level 4. HP: 27/29 MP: 4/4
  1331 | D:2      | Reached *** piety under Trog
  1732 | D:3      | Reached XP level 5. HP: 32/34 MP: 5/5
  1842 | D:3      | Reached skill level 5 in Unarmed Combat
  2240 | D:4      | Noticed Menkaure
  2255 | D:4      | Reached XP level 6. HP: 36/40 MP: 6/6
  2265 | D:4      | Killed Menkaure
  2265 | D:4      | Reached skill level 5 in Fighting
  2265 | D:4      | Reached skill level 6 in Unarmed Combat
  2270 | D:4      | Found a glowing drain.
  2321 | Sewer    | Entered a sewer
  2503 | Sewer    | Reached XP level 7. HP: 44/44 MP: 7/7
  2523 | Sewer    | Found a glowing silver altar of Zin.
  2635 | D:4      | Found a radiant altar of Vehumet.
  2641 | D:4      | Reached **** piety under Trog
  2873 | D:4      | Reached skill level 7 in Unarmed Combat
  3269 | D:5      | Entered Level 5 of the Dungeon
  3466 | D:5      | Reached XP level 8. HP: 52/52 MP: 8/8
  3554 | D:5      | Reached skill level 8 in Unarmed Combat
  3957 | D:5      | Reached skill level 9 in Unarmed Combat
  4516 | D:6      | Reached ***** piety under Trog
  4552 | D:6      | Found an ancient bone altar of Kikubaaqudgha.
  4665 | D:6      | Reached XP level 9. HP: 22/58 MP: 9/9
  4766 | D:6      | Noticed Edmund
  4793 | D:6      | Killed Edmund
  4793 | D:6      | Reached skill level 10 in Unarmed Combat
  4903 | D:6      | Found an iron altar of Okawaru.
  5188 | D:6      | Found a staircase to the Ecumenical Temple.
  5375 | D:7      | Noticed Prince Ribbit
  5382 | D:7      | Killed Prince Ribbit
  5622 | D:7      | Found Xoateum's Food Emporium.
  5755 | D:8      | Found a sand-covered staircase.
  5765 | Ossuary  | Entered an ossuary
  5773 | Ossuary  | Reached skill level 11 in Unarmed Combat
  5859 | Ossuary  | Received a gift from Trog
  6243 | D:8      | Found Kimugg's Book Shop.
  6327 | D:8      | Found Nist's Book Shoppe.
  6366 | D:8      | Noticed a two-headed ogre
  6377 | D:8      | Slain by a two-headed ogre

Levels and vault maps discovered:
D:1:      dpeg_arrival_ratfight, layout_loops_cross, minmay_nonomino_d4
D:2:      layout_basic, first_ration, kennysheep_potato
D:3:      layout_basic
D:4:      layout_loops_ring, old_standard_altar, portal_sewer_entry_a,
          eino_curves_04, uniq_menkaure
D:5:      layout_basic, roderic_lattice_a, minmay_circle_x
D:6:      layout_rooms, lemuel_zombie_altar_kikubaaqudgha,
          minmay_temple_entry_poolview, okawaru_ov_weapons_minmay, uniq_edmund
D:7:      layout_basic, serial_shops, kennysheep_little_box, uniq_prince_ribbit1
D:8:      layout_loops_ring, nicolae_ossuary_entry_ruins, serial_shops, shop,
          nicolae_shop_statue_plus, shop, shop, nicolae_shop_window_shopping

Skill      XL: |  1  2  3  4  5  6  7  8  9 |
---------------+----------------------------+-----
Unarmed Combat | 4 5 6 7 9 11 | 11.3
Fighting       | 4 5 6 7 9 |  9.1
Armour         | |  2.1
Dodging        | |  1.5

Action                   |  1- 3 |  4- 6 |  7- 9 || total
-------------------------+-------+-------+-------++-------
Melee: Unarmed           |   161 |   214 |   504 ||   879
       Punch             |     1 |     3 |    12 ||    16
Invok: Trog's Hand       |       |     2 |     1 ||     3
       Berserk           |       |     1 |     1 ||     2
  Use: Scroll            |       |     6 |    12 ||    18
  Eat: Chunk             |     1 |     6 |    13 ||    20
Armor: Animal skin       |    35 |       |       ||    35
       Plate armour      |    44 |   131 |   281 ||   456
Dodge: Dodged            |    74 |    44 |   135 ||   253
Block: Other             |       |       |     9 ||     9
